 Dungeon Crawl Stone Soup version 0.31-a0-7-g51783674b7 (webtiles) character file.

Game seed: 15827492616725576641

72 scionoferis the Poker (level 4, -9/40 HPs)
             Began as a Naga Warper on May 5, 2023.
             Killed by divine providence
             ... invoked by an orc priest
              (14 damage)
             ... on level 3 of the Dungeon.
             The game lasted 00:04:58 (2309 turns).

scionoferis the Poker (Naga Warper)                 Turns: 2309, Time: 00:04:58

Health: -9/40      AC:  2    Str: 15    XL:     4   Next: 26%
Magic:  7/7        EV: 24    Int: 14    God:
Gold:   62         SH:  0    Dex: 10    Spells: 7/7 levels left

rFire   . . .        a - +0 trident
rCold   . . .        (no shield)
rNeg    . . .        b - +0 leather armour
rPois   +            (no helmet)
rElec   .            (no cloak)
rCorr   .            (no gloves)
SInv    +            (no barding)
Will    .....        p - amulet of the acrobat
Stlth   ++           (no ring)
HPRegen 0.26/turn    (no ring)
MPRegen 0.10/turn

%: acrobat
@: acrobatic, very slow
A: AC +1, large, see invisible, deformed body, poison resistance, slowness 2,
spit poison 1, naga tail 1
a: Spit Poison


You were on level 3 of the Dungeon.
You visited 1 branch of the dungeon, and saw 3 of its levels.

You collected 62 gold pieces.


Innate Abilities, Weirdness & Mutations

Your serpentine skin is tough. (AC +1)
You have supernaturally acute eyesight. (SInv)
Armour fits poorly on your strangely shaped body.
Your system is resistant to poisons. (rPois)
You cover ground very slowly.
You can spit poison.
You have a snake-like lower body.


   Skills:
 + Level 2.7 Fighting
 * Level 3.4 Polearms
 - Level 0.8 Throwing
 - Level 0.7 Armour
 - Level 1.5 Dodging
 + Level 2.7 Stealth
 - Level 2.0 Spellcasting
 - Level 3.0 Translocations


You had 7 spell levels left.
You didn't know any spells.
Your spell library contained the following spells:

 Spells                   Type           Power      Damage    Failure   Level
 Blink                    Tloc           18%        N/A       13%         2
 Lesser Beckoning         Tloc           18%        N/A       13%         2
 Teleport Other           Tloc           9%         N/A       26%         3
 Vhi's Electric Charge    Tloc/Air       10%        N/A       43%         3
 Volatile Blastmotes      Fire/Tloc      10%        2d10      43%         3
 Manifold Assault         Tloc           9%         N/A       63%         4
 Iskenderun's Mystic Bla  Conj/Tloc      5%         2d3       83%         4
 Fulminant Prism          Conj/Hex       0%         3d5       96%         4
 Lee's Rapid Deconstruct  Erth           0%         3d4*      100%        5

Inventory:

Hand Weapons
 a - a +0 trident (weapon)
   (You found it on level 2 of the Dungeon)
Missiles
 d - 7 boomerangs of dispersal
 k - 3 poisoned darts (quivered)
 o - a throwing net
Armour
 b - a +0 leather armour (worn)
 i - a +0 scale mail
   (You found it on level 2 of the Dungeon)
Jewellery
 p - an amulet of the acrobat (around neck)
   (You found it on level 2 of the Dungeon)
Scrolls
 c - a scroll of blinking
 f - a scroll of enchant armour
 h - a scroll of noise
 l - a scroll of silence
 m - 2 scrolls of identify
 r - a scroll of immolation
 t - a scroll of fog {unknown}
Potions
 e - 2 potions of lignification {unknown}
 g - 2 potions of brilliance {unknown}
 j - 2 potions of heal wounds {unknown}
 n - 3 potions of curing {unknown}
 q - a potion of mutation {unknown}
 s - a potion of might {unknown}

Dungeon Overview and Level Annotations

Branches:
Dungeon (3/15)

Altars:

Annotations:
D:3 Sigmund

#.######....# #.# ##.# #.#
.#### #†# #..... ####.#
##...... #######....#
#.......
#....##)...########.......
#.........................
#..<.....@...o.####.......
#....##........@....$.....
#######....###.#####).....
#....# #..# ...... #....#
##.# ..)... #....# .#
...... #....####.. ......
###.......## o....@
####...######## ......


You could see Sigmund (invisible) and an orc priest.


Message History

Welcome, scionoferis the Naga Warper.
It is said that the Orb of Zot exists deep within this dungeon.
Press ? for a list of commands and other information.
Found a staircase leading out of the dungeon.
A kobold comes into view. It is wielding a +0 club.
The kobold shouts!
No reachable target in view!
Found 9 gold pieces and a dagger.
Found a leather armour.
You hit the kobold.
You kill the kobold!
No target in view!
You see here a +0 club.
A rat comes into view.
You reach to attack!
You hit the rat.
The rat is heavily wounded.
You closely miss the rat.
The rat is heavily wounded.
The rat bites you.
You hit the rat.
You kill the rat!
No target in view!
HP restored.
A bat comes into view.
The bat barely misses you.
You hit the bat.
The bat is severely wounded.
The bat barely misses you. The bat hits you.
You hit the bat.
You kill the bat!
No target in view!
A quokka comes into view.
You reach to attack!
You barely miss the quokka. You hit the quokka.
The quokka is severely wounded.
The quokka closely misses you.
You closely miss the quokka.
The quokka is severely wounded.
The quokka bites you.
You closely miss the quokka.
The quokka is severely wounded.
The quokka bites you.
You hit the quokka.
You kill the quokka!
No target in view!
You now have 9 gold pieces.
A rat comes into view.
You reach to attack!
You hit the rat.
You kill the rat!
No target in view!
No target in view!
You open the door.
There is an open door here.
e - a white potion You open the door.
There is an open door here.
Found 4 large rocks and a whip.
You now have 22 gold pieces (gained 13).
f - a scroll labelled JANIM HI IXUYH
Found a dagger.
A ball python comes into view.
Found a blue potion.
Found a scroll labelled CINUJEPN LAHIUPS.
The ball python hisses angrily.
An endoplasm comes into view.
You hit the ball python.
You kill the ball python!
No target in view!
Found a leather armour.
You see here a ball python corpse.
g - a blue potion The endoplasm quivers.
You hit the endoplasm.
The endoplasm is severely wounded.
The endoplasm freezes you.
You are frozen.
You barely miss the endoplasm.
The endoplasm is severely wounded.
The endoplasm freezes you.
You are frozen.
You hit the endoplasm.
You kill the endoplasm!
Your Stealth skill increases to level 1!
No target in view!
h - a scroll labelled CINUJEPN LAHIUPS
Found a stone staircase leading down.
A quokka comes into view.
Found a chain mail.
You closely miss the quokka. The quokka bites you.
You completely miss the quokka. The quokka bites you.
You hit the quokka.
The quokka is severely wounded.
The quokka misses you. The quokka bites you.
You completely miss the quokka.
The quokka is severely wounded.
The quokka bites you.
You hit the quokka.
You kill the quokka!
You have reached level 2!
Found a robe.
You see here a +0 chain mail.
i - a +0 chain mail
j - a dark potion A giant cockroach comes into view.
Found 3 poisoned darts.
You reach to attack!
The helpless giant cockroach fails to defend itself.
You hit the giant cockroach.
The giant cockroach is moderately wounded.
You hit the giant cockroach but do no damage.
The giant cockroach is moderately wounded.
The giant cockroach bites you but does no damage.
You hit the giant cockroach.
The giant cockroach is almost dead.
The giant cockroach bites you but does no damage.
You barely miss the giant cockroach.
The giant cockroach is almost dead.
The giant cockroach closely misses you.
You hit the giant cockroach.
You kill the giant cockroach!
You see here a giant cockroach corpse.
You see here 3 poisoned darts.
k - 3 poisoned darts You see here a giant cockroach corpse.
A kobold comes into view. It is wielding a +0 whip.
You reach to attack!
The helpless kobold fails to defend itself.
You hit the kobold.
The kobold is moderately wounded.
You hit the kobold.
You kill the kobold!
No target in view!
Found a club.
You see here a +0 club.
A rat comes into view.
The rat bites you but does no damage.
You hit the rat.
You kill the rat!
No target in view!
l - a scroll labelled GEER KUECSOTUT
m - a scroll labelled JUWAYSM BATA You open the door.
There is an open door here.
You open the door.
A frilled lizard comes into view.
The frilled lizard hisses angrily.
There is an open door here.
You reach to attack!
You hit the frilled lizard.
You kill the frilled lizard!
No target in view!
No target in view!
As you open the door, it creaks loudly!
There is an open door here.
You open the door.
There is an open door here.
You open the door.
Found a stone staircase leading down.
There is an open door here.
You open the door.
There is an open door here.
There is an open door here.
Found an escape hatch in the floor.
There is an open door here.
You see here a +0 leather armour.
Found a stone staircase leading down.
A goblin comes into view. It is wielding a +0 dagger.
Found a book of Blasting.
The goblin shouts!
You reach to attack!
You hit the goblin.
You kill the goblin!
No target in view!
A bat comes into view.
The bat closely misses you.
You reach to attack!
You barely miss the bat. The bat barely misses you.
You closely miss the bat. The bat hits you.
You reach to attack!
You closely miss the bat. The bat barely misses you. x2
You closely miss the bat. The bat closely misses you.
You reach to attack!
You hit the bat.
You kill the bat!
No target in view!
You see here a bat corpse.
You pick up a book of Blasting and begin reading...
You add the spells Volatile Blastmotes, Fulminant Prism, Iskenderun's Mystic Blast and Lee's Rapid Deconstruction to your library.
A rat comes into view.
A rat is nearby!
You reach to attack!
You hit the rat.
You kill the rat!
No target in view!
n - an inky potion You see here a rat corpse.
You see here a rat corpse.
You open the door. 2 kobolds come into view.
The kobold shouts! x2
You closely miss the kobold.
The kobold hits you with a +0 short sword.
You hit the kobold.
The kobold is moderately wounded.
The kobold closely misses you.
You barely miss the kobold.
The kobold is moderately wounded.
You completely miss the kobold.
The kobold is moderately wounded.
The kobold hits you with a +0 short sword.
The kobold attacks as you move away! The kobold closely misses you. x2
The kobold hits you but does no damage. The kobold attacks as you move away!
The kobold hits you with a +0 short sword.
The kobold attacks as you move away!
The kobold hits you with a +0 short sword. x2
The kobold attacks as you move away!
The kobold hits you with a +0 short sword.
The kobold attacks as you move away!
The kobold hits you with a +0 short sword.
Aiming: Spit Poison (2% risk of failure)
Press: ? - help, Shift-Dir - straight line, f - kobold
Aim: a kobold, wielding a +0 short sword (50% to hit)
The splash of poison hits the kobold.
The kobold is poisoned.
You kill the kobold!
Unknown command.
You hit the kobold.
The kobold is heavily wounded.
The kobold hits you but does no damage.
You closely miss the kobold.
The kobold is moderately wounded.
The kobold hits you with a +0 short sword.
You barely miss the kobold.
The kobold is moderately wounded.
The kobold hits you with a +0 short sword.
You hit the kobold but do no damage. The kobold hits you but does no damage.
You barely miss the kobold. The kobold barely misses you.
You hit the kobold but do no damage.
The kobold hits you with a +0 short sword.
* * * LOW HITPOINT WARNING * * *
You closely miss the kobold.
You have got your breath back.
The kobold hits you with a +0 short sword.
* * * LOW HITPOINT WARNING * * *
You closely miss the kobold. The kobold hits you but does no damage.
You hit the kobold but do no damage. The kobold barely misses you.
Aiming: Spit Poison (2% risk of failure)
Press: ? - help, Shift-Dir - straight line, f/p - kobold
Aim: a kobold, wielding a +0 short sword (50% to hit)
The splash of poison hits the kobold but does no damage.
The kobold is poisoned.
The kobold hits you but does no damage.
Unknown command.
You completely miss the kobold. The kobold closely misses you.
You hit the kobold.
The kobold is severely wounded.
The kobold hits you with a +0 short sword.
* * * LOW HITPOINT WARNING * * *
You closely miss the kobold.
The kobold is severely wounded.
The kobold hits you with a +0 short sword.
* * * LOW HITPOINT WARNING * * *
You completely miss the kobold.
The kobold is severely wounded.
You kill the kobold!
You start resting.
You have got your breath back.
You start resting.
HP restored.
Things that are here:
a +0 short sword; a +0 short sword; a kobold corpse
Found a sling.
You see here a +0 sling.
o - a throwing net A bat comes into view.
The bat barely misses you.
You closely miss the bat. The bat closely misses you.
You barely miss the bat. The bat closely misses you.
You reach to attack!
You hit the bat.
You kill the bat!
No target in view!
You open the door.
There is an open door here.
A jackal comes into view.
The jackal barks!
You hear a bark!
A jackal comes into view. x2
The jackal barks!
You hear a bark!
There is an open door here.
You hit the jackal.
The jackal is severely wounded.
The jackal completely misses you. The jackal bites you.
You miss the jackal.
The jackal is severely wounded.
The jackal closely misses you.
You hit the jackal.
The jackal is almost dead.
The jackal closely misses you.
You barely miss the jackal.
The jackal is almost dead.
The jackal misses you. The jackal bites you.
You hit the jackal.
You kill the jackal!
You start resting.
HP restored.
You see here a jackal corpse.
There is an open door here.
You open the door.
There is an open door here.
A kobold comes into view. It is wielding a +0 dagger.
There is an open door here.
Throw: 3 darts (poison)
Press: ? - help, Q - select action, (/) - cycle Shift-Dir - straight line, f - kobold
Aim: a kobold, wielding a +0 dagger and quivering stones (wandering, hasn't noticed you, 47% to hit)
You throw a poisoned dart.
The poisoned dart closely misses the kobold.
The kobold shouts!
The kobold throws a stone.
The stone hits you but does no damage.
The kobold throws a stone.
The stone hits you.
The kobold throws a stone.
The stone closely misses you.
The kobold throws a stone.
The stone hits you.
The kobold throws a stone.
The stone hits you but does no damage.
You reach to attack!
You closely miss the kobold. You hit the kobold but do no damage.
Your punch misses the kobold. The kobold hits you with a +0 dagger.
You barely miss the kobold. The kobold hits you with a +0 dagger.
You hit the kobold but do no damage. The kobold hits you with a +0 dagger.
You closely miss the kobold. The kobold hits you with a +0 dagger.
You hit the kobold.
The kobold is moderately wounded.
You hit the kobold.
You kill the kobold!
No target in view!
Things that are here:
a +0 dagger; a stone
k - 3 poisoned darts (gained 1)
You open the door.
Things that are here:
a +0 dagger; a stone
There is an open door here.
You open the door.
There is an open door here.
There is an open door here. 2 jackals come into view.
The jackal barks! x2; You hear a bark!
You see here a rat skeleton.
The jackal closely misses you.
You hit the jackal but do no damage. The jackal bites you.
You hit the jackal.
The jackal is severely wounded.
The jackal closely misses you.
You closely miss the jackal.
The jackal is severely wounded.
The jackal barely misses you. The jackal bites you.
You closely miss the jackal.
The jackal is severely wounded.
The jackal bites you but does no damage.
You hit the jackal but do no damage.
The jackal is severely wounded.
The jackal bites you. The jackal barely misses you.
You barely miss the jackal.
The jackal is severely wounded.
The jackal closely misses you.
You hit the jackal.
You kill the jackal!
You hit the jackal.
The jackal is almost dead.
The jackal closely misses you. The jackal barely misses you.
You barely miss the jackal.
The jackal is almost dead.
The jackal barely misses you.
You hit the jackal.
You kill the jackal!
You have reached level 3!
Your experience leads to an increase in your attributes!
Increase (S)trength, (I)ntelligence, or (D)exterity?
You feel stronger. x2; Your skin feels tougher.
There is an open door here.
There is an open door here.
You see here 4 large rocks.
You see here a +0 robe.
A rat comes into view.
You reach to attack!
The helpless rat fails to defend itself.
You hit the rat but do no damage. You hit the rat.
You kill the rat!
No target in view!
Done exploring.
Done exploring.
Search for what [? for help]? d:1
There is a stone staircase leading down here.
You start removing your armour.
You continue taking off your +0 leather armour. x4
You finish taking off your +0 leather armour.
You start putting on your armour.
You continue putting on your +0 chain mail. x5
You finish putting on your +0 chain mail.
Unknown command.
You start removing your armour.
You continue taking off your +0 chain mail. x4
You finish taking off your +0 chain mail.
You drop a +0 chain mail.
You start putting on your armour.
You continue putting on your +0 leather armour. x4
You finish putting on your +0 leather armour.
Unknown command.
There is a stone staircase leading down here.
You climb downwards.
There is a stone staircase leading up here.
Found a stone staircase leading down.
Found a stone staircase leading down.
Found a scale mail.
Found a stone staircase leading down.
An endoplasm comes into view.
You see here a +0 scale mail.
i - a +0 scale mail The endoplasm quivers.
You reach to attack!
You hit the endoplasm but do no damage. You hit the endoplasm.
The endoplasm is heavily wounded.
The endoplasm hits you.
You hit the endoplasm.
You kill the endoplasm!
No target in view!
HP restored.
A frilled lizard comes into view.
You reach to attack!
You barely miss the frilled lizard. You miss the frilled lizard.
The frilled lizard barely misses you.
You miss the frilled lizard. The frilled lizard bites you.
You closely miss the frilled lizard. You hit the frilled lizard.
You kill the frilled lizard!
No target in view!
Found 2 stones.
Found a plate armour.
You see here 2 stones.
Things that are here:
a +0 plate armour; a +0 rapier
m - 2 scrolls labelled JUWAYSM BATA (gained 1)
There is a stone staircase leading down here.
An adder comes into view.
The adder hisses angrily.
Aiming: Spit Poison (2% risk of failure)
Press: ? - help, Shift-Dir - straight line, f - adder
Aim: an adder (37% to hit)
The splash of poison hits the adder.
The adder is poisoned.
The adder is heavily wounded.
Unknown command.
You reach to attack!
You hit the adder.
The adder is severely wounded.
The adder bites you but does no damage.
You hit the adder but do no damage.
The adder is almost dead.
You kill the adder!
Your Polearms skill increases to level 3!
Your Stealth skill increases to level 2!
No target in view!
You start waiting.
You have got your breath back.
m - 3 scrolls labelled JUWAYSM BATA (gained 1)
Found a stone staircase leading up.
You now have 36 gold pieces (gained 14).
An endoplasm and a worm come into view.
Aiming: Spit Poison (2% risk of failure)
Press: ? - help, Shift-Dir - straight line, f - endoplasm
Aim: an endoplasm (asleep, 100% to hit)
Okay, then.
A rat comes into view.
The endoplasm quivers.
Aiming: Spit Poison (2% risk of failure)
Press: ? - help, Shift-Dir - straight line, f - endoplasm
Aim: an endoplasm (97% to hit)
The splash of poison hits the endoplasm.
The endoplasm is lightly wounded.
Unknown command.
You hit the endoplasm.
The endoplasm is moderately wounded.
The endoplasm barely misses you.
You hit the endoplasm.
The endoplasm is heavily wounded.
The endoplasm barely misses you.
You hit the endoplasm but do no damage.
The endoplasm is heavily wounded.
The endoplasm completely misses you.
You hit the endoplasm.
You kill the endoplasm!
No target in view!
You start waiting.
You have got your breath back.
You hit the rat.
You kill the rat!
No target in view!
Aiming: Spit Poison (2% risk of failure)
Press: ? - help, Shift-Dir - straight line, f - worm
Aim: a worm (asleep, 100% to hit)
The splash of poison hits the worm!
The worm is heavily wounded.
Unknown command.
You have got your breath back.
Aiming: Spit Poison (2% risk of failure)
Press: ? - help, Shift-Dir - straight line, f/p - worm
Aim: a worm (lightly wounded, 86% to hit)
The splash of poison hits the worm.
The worm is poisoned.
The worm is moderately wounded.
Unknown command.
You reach to attack!
You hit the worm.
The worm is heavily wounded.
You reach to attack!
You hit the worm.
The worm is severely wounded.
You hit the worm.
The worm is almost dead.
You kill the worm!
No target in view!
No target in view!
You have got your breath back.
You see here a worm corpse.
p - an amulet of the acrobat You start putting on your amulet.
You continue putting on your amulet of the acrobat. x5
You finish putting on your amulet of the acrobat.
You feel ready to tumble and roll out of harm's way.
p - an amulet of the acrobat (around neck)
An adder comes into view.
Unknown command.
Aiming: Spit Poison (2% risk of failure)
Press: ? - help, Shift-Dir - straight line, f - adder
Aim: an adder (37% to hit)
The splash of poison hits the adder!
The adder is poisoned.
The adder is almost dead.
You kill the adder!
Unknown command.
You now have 37 gold pieces (gained 1).
You have got your breath back.
A hobgoblin comes into view.
The hobgoblin shouts!
You hit the hobgoblin.
The hobgoblin is moderately wounded.
The hobgoblin closely misses you.
You barely miss the hobgoblin.
The hobgoblin is lightly wounded.
The hobgoblin hits you.
You barely miss the hobgoblin.
The hobgoblin is lightly wounded.
The hobgoblin hits you.
You hit the hobgoblin.
The hobgoblin is almost dead.
The hobgoblin closely misses you.
You hit the hobgoblin.
You kill the hobgoblin!
No target in view!
HP restored.
g - 2 blue potions (gained 1)
Found 4 stones.
You see here 4 stones.
Found a stone staircase leading up.
There is a stone staircase leading up here.
m - 4 scrolls labelled JUWAYSM BATA (gained 1)
A giant cockroach comes into view.
A hobgoblin comes into view.
Found a scroll labelled JUWAYSM BATA.
Aiming: Spit Poison (2% risk of failure)
Press: ? - help, Shift-Dir - straight line, f - you
Okay, then.
A jackal and a goblin come into view.
The hobgoblin shouts!
The goblin shouts!
The giant cockroach completely misses you.
The giant cockroach attacks as you move away!
The giant cockroach bites you.
The giant cockroach attacks as you move away!
The giant cockroach completely misses you.
The giant cockroach barely misses you. The giant cockroach barely misses you.
Aiming: Spit Poison (2% risk of failure)
Press: ? - help, Shift-Dir - straight line, f - goblin
Aim: a goblin, wielding a +0 dagger (50% to hit)
The splash of poison hits the giant cockroach!
The giant cockroach is poisoned.
You kill the giant cockroach!
Unknown command.
You closely miss the hobgoblin.
The hobgoblin hits you but does no damage.
You hit the hobgoblin.
The hobgoblin is almost dead.
The hobgoblin barely misses you.
You hit the hobgoblin.
You kill the hobgoblin!
You hit the jackal.
You kill the jackal!
You have reached level 4!
You feel clever.
You closely miss the goblin. The goblin hits you but does no damage.
You hit the goblin.
You kill the goblin!
You have got your breath back.
Things that are here:
a +0 dagger; a goblin corpse; a hobgoblin corpse A jackal comes into view.
The jackal barks!
Things that are here:
a +0 dagger; a goblin corpse; a hobgoblin corpse You reach to attack!
You hit the jackal.
The jackal is severely wounded.
A jackal comes into view.
You closely miss the jackal.
The jackal is severely wounded.
The jackal bites you.
You completely miss the jackal.
The jackal is severely wounded.
The jackal bites you but does no damage.
The jackal bites you.
You hit the jackal.
You kill the jackal!
You start resting.
A jackal is nearby!
The jackal barks!
You closely miss the jackal. The jackal barely misses you.
You hit the jackal but do no damage. The jackal barely misses you. x2
You hit the jackal but do no damage. The jackal barely misses you.
You hit the jackal.
You kill the jackal!
No target in view!
You see here a jackal corpse.
A goblin comes into view. It is wielding a +0 club.
You reach to attack!
You hit the goblin.
The goblin is severely wounded.
You hit the goblin.
You kill the goblin!
No target in view!
m - 5 scrolls labelled JUWAYSM BATA (gained 1)
You see here a +0 club.
A bat comes into view.
You hit the bat but do no damage. The bat hits you but does no damage.
You reach to attack!
You hit the bat.
You kill the bat!
No target in view!
No target in view!
You see here a bat corpse.
You open the door.
A ball python comes into view.
Found a robe and 14 gold pieces.
There is an open door here.
The ball python hisses angrily.
The ball python completely misses you.
You hit the ball python.
The ball python is heavily wounded.
The ball python barely misses you.
You hit the ball python.
You kill the ball python!
No target in view!
You see here a +0 robe.
You now have 51 gold pieces (gained 14).
You open the door.
There is an open door here.
You open the door.
A kobold comes into view. It is wielding a +0 dagger.
The kobold shouts!
Found a fizzy blue potion and a dagger.
There is an open door here.
You hit the kobold.
You kill the kobold!
No target in view!
q - a fizzy blue potion You see here a +0 dagger.
You open the door.
A rat and a frilled lizard come into view.
The frilled lizard hisses angrily.
Found five items.
You reach to attack!
You hit the frilled lizard.
You kill the frilled lizard!
No target in view!
No target in view!
No target in view!
You reach to attack!
You hit the rat.
You kill the rat!
No target in view!
There is an open door here.
You see here a frilled lizard corpse.
r - a scroll labelled OWKULU HES
m - 6 scrolls labelled JUWAYSM BATA (gained 1)
You see here a +0 trident.
s - a +0 trident Adjust to which letter? (? for menu, Esc to quit)
a - a +0 trident;
s - a +0 spear (weapon)
a - a +0 trident (weapon)
You drop a +0 spear.
As you open the door, it creaks loudly!
There is an open door here.
You open the door.
There is an open door here.
You open the door.
There is an open door here.
n - 2 inky potions (gained 1)
You open the door.
There is an open door here.
Found an escape hatch in the ceiling.
A hobgoblin comes into view.
The hobgoblin shouts!
Setting a skill training target for Polearms at 14.0.
Unknown command.
You reach to attack!
You barely miss the hobgoblin.
A rat comes into view.
The hobgoblin barely misses you.
You puncture the hobgoblin!
You kill the hobgoblin!
There is an escape hatch in the ceiling, spattered with blood here.
The rat completely misses you.
You puncture the rat!
You kill the rat!
No target in view!
You see here a rat corpse.
As you open the door, it creaks loudly!
A kobold comes into view. It is wielding a +0 short sword.
The kobold throws a stone.
The stone misses you.
You reach to attack!
You hit the kobold.
You kill the kobold!
No target in view!
There is an open door here.
Things that are here:
a +0 short sword; 4 stones You open the door.
There is an open door here.
You open the door.
A ball python comes into view.
There is an open door here.
The ball python hisses angrily.
You closely miss the ball python. The ball python barely misses you.
You puncture the ball python!
You kill the ball python!
No target in view!
You open the door.
There is an open door here.
s - a ruby potion You see here a +0 club.
n - 3 inky potions (gained 1)
You see here a +0 club.
There is a stone staircase leading down here.
There is a stone staircase leading down here.
Partly explored, can't reach some places.
Really slither into that teleport trap?
You enter a teleport trap!
The teleport trap disappears.
Your surroundings suddenly seem different.
There is a stone staircase leading down here.
Found an escape hatch in the floor.
There is an escape hatch in the floor here.
Found a faded altar of an unknown god.
Found a robe.
Done exploring.
Search for what [Enter for "d:1", or ? for help]? d:2
There is an escape hatch in the floor here.
There is a stone staircase leading down here.
You climb downwards.
Found 5 stones.
There is a stone staircase leading up here.
As you read the scroll labelled JUWAYSM BATA, it crumbles to dust.
It is a scroll of identify.
f - a scroll of enchant armour
As you read the scroll of identify, it crumbles to dust.
h - a scroll of noise
As you read the scroll of identify, it crumbles to dust.
l - a scroll of silence
As you read the scroll of identify, it crumbles to dust.
r - a scroll of immolation A ball python comes into view.
Found a stone staircase leading down.
You reach to attack!
The helpless ball python fails to defend itself.
You hit the ball python.
You kill the ball python!
No target in view!
You see here a ball python corpse.
Found a dagger.
Found a stone staircase leading up.
j - 2 dark potions (gained 1)
You now have 62 gold pieces (gained 11).
Found 5 stones.
Found a chain mail.
e - 2 white potions (gained 1)
t - a scroll labelled ENYELO ITONT
There is a stone staircase leading up here.
An orc comes into view. It is wielding a +0 club.
Sigmund and an orc come into view.
Sigmund is wielding a +0 scythe and carrying a wand of quicksilver (11).
Found an escape hatch in the ceiling.
Sigmund shouts!
The orc shouts! x2; You hear a shout!
Sigmund zaps a wand.
The bolt of dispelling energy hits the orc!!
The orc dies!
The bolt of dispelling energy misses you.
An orc priest comes into view. It is wielding a +0 mace.
The orc moves out of view.
Sigmund zaps a wand.
The bolt of dispelling energy hits the orc!
The orc dies!
The bolt of dispelling energy hits you!!
Ouch! That really hurt!
Sigmund mumbles some strange words.
Sigmund flickers and vanishes for a moment.
The orc priest invokes the aid of Beogh against you.
Beogh smites you!
* * * LOW HITPOINT WARNING * * *
The orc priest invokes the aid of Beogh against you.
Beogh smites you!
You die...

Skill      XL: |  1  2  3 |
---------------+----------+-----
Stealth        | 1 2 |  2.7
Polearms       | 3 |  3.4
Fighting       | |  2.7
Throwing       | |  0.8
Armour         | |  0.7
Dodging        | |  1.5
Spellcasting   | |  2.0
Translocations | |  3.0

Action                     |  1- 3 |  4- 6 || total
---------------------------+-------+-------++-------
  Melee: Spear             |   108 |    19 ||   127
         Trident           |       |     7 ||     7
  Throw: Dart              |     1 |       ||     1
Ability: Spit Poison       |     8 |       ||     8
    Use: Scroll            |       |     4 ||     4
   Stab: Sleeping          |     3 |     1 ||     4
 Armour: Leather armour    |    13 |     3 ||    16
  Dodge: Dodged            |    43 |    11 ||    54

Levels and vault maps discovered:
D:1:      moated_graveyard_arrival, layout_basic
D:2:      cheibrodos_old_hovel, layout_loops_ring,
          dreamdust_ecumenical_altar_hidden_monk_grotto, minmay_quadrilaterals
D:3:      layout_rooms, uniq_robin, uniq_sigmund

Notes
Turn   | Place    | Note
-------+----------+-------------------------------------------
     0 | D:1      | scionoferis the Naga Warper began the quest for the Orb.
     0 | D:1      | Reached XP level 1. HP: 19/19 MP: 3/3
   130 | D:1      | Reached skill level 1 in Stealth
   197 | D:1      | Reached XP level 2. HP: 15/26 MP: 5/5
   685 | D:1      | HP: 2/26 [kobold/+0 short sword (1)]
   988 | D:1      | Reached XP level 3. HP: 33/33 MP: 6/6
  1347 | D:2      | Reached skill level 3 in Polearms
  1347 | D:2      | Reached skill level 2 in Stealth
  1656 | D:2      | Reached XP level 4. HP: 40/40 MP: 7/7
  2173 | D:2      | Found a faded altar of an unknown god.
  2299 | D:3      | Noticed Sigmund
  2309 | D:3      | Killed from afar by an orc priest

Vanquished Creatures
  2 adders (D:2)
  A worm (D:2)
  3 endoplasms (D:1 D:2)
  2 giant cockroaches (D:1 D:2)
  3 goblins (D:1 D:2)
  3 hobgoblins (D:2)
  6 jackals (D:1 D:2)
  2 quokkas (D:1)
  4 ball pythons (D:1 D:2 D:3)
  4 bats (D:1 D:2)
  3 frilled lizards (D:1 D:2)
  7 kobolds (D:1 D:2)
  8 rats (D:1 D:2)
48 creatures vanquished.

Vanquished Creatures (others)
  2 orcs (D:3)
2 creatures vanquished.

Grand Total: 50 creatures vanquished

Table legend: (Time is in decaauts)
 A = Elapsed time spent in this place.
 B = Non-inter-level travel time spent in this place.
 C = Inter-level travel time spent in this place.
 D = Time resting spent in this place.
 E = Time spent auto-exploring this place.
 F = Levels seen in this place.
 G = Mean time per level.
                   A        B        C        D        E       F      G
               +--------+--------+--------+--------+--------+-----+--------+
         Total |   3020 |   2950 |     70 |    113 |   2287 |   3 | 1006.7 |
       Dungeon |   3020 |   2950 |     70 |    113 |   2287 |   3 | 1006.7 |
               +--------+--------+--------+--------+--------+-----+--------+

Top non-repeatable levels by time:
     D:1: 1502 daAuts
     D:2: 1416 daAuts
     D:3: 102 daAuts

Table legend:
 A = Non-vault XP
 B = Vault XP
 C = Vault XP percentage of total XP
 D = Non-vault monster count
 E = Vault monster count
 F = Vault count percentage of total count
                 A         B        C        D         E       F
            +---------+---------+-------+---------+---------+-------
      Total |      84 |      20 |  19.2 |      42 |       6 |  12.5
            +---------+---------+-------+---------+---------+-------
        D:1 |      36 |       0 |   0.0 |      23 |       0 |   0.0
        D:2 |      47 |      20 |  29.9 |      18 |       6 |  25.0
        D:3 |       1 |       0 |   0.0 |       1 |       0 |   0.0
            +---------+---------+-------+---------+---------+-------
